 Dungeon Crawl Stone Soup version 0.28-a0-46-g7b1be97da7 (webtiles) character file.

Game seed: 573060910648570116

37 sanka the Skirmisher (level 3, -1/32 HPs)
             Began as a Palentonga Abyssal Knight on July 29, 2021.
             Was a Believer of Lugonu.
             Slain by an orc (8 damage)
             ... on level 3 of the Dungeon.
             The game lasted 00:01:30 (1261 turns).

sanka the Skirmisher (Palentonga Abyssal Knight)    Turns: 1261, Time: 00:01:31

Health: -1/32      AC:  4    Str: 16    XL:     3   Next: 21%
Magic:  4/4        EV:  9    Int: 12    God:    Lugonu [**....]
Gold:   36         SH:  0    Dex:  9    Spells: 2/2 levels left

rFire   . . .      SeeInvis +   f - +0 trident
rCold   . . .      Faith    .   (no shield)
rNeg    . . .      Spirit   .   b - +0 leather armour
rPois   .          Reflect  .   (no helmet)
rElec   .          Harm     .   (no cloak)
rCorr   .          Rampage  .   (no gloves)
Will    .....                   (no barding)
Stlth   +.........              h - amulet of the acrobat
HPRegen 0.10/turn               (no ring)
MPRegen 0.09/turn               (no ring)

@: no status effects
A: large, rugged brown scales 3, see invisible, deformed body, roll 1, armoured
tail
a: Rolling Charge, Renounce Religion, Depart the Abyss, Bend Space


You were on level 3 of the Dungeon.
You worshipped Lugonu.
Lugonu was pleased with you.
You visited 1 branch of the dungeon, and saw 3 of its levels.
You visited the Abyss 1 time.

You collected 36 gold pieces.


Innate Abilities, Weirdness & Mutations

You are completely covered in rugged brown scales. (AC +3, +7% HP)
You have supernaturally acute eyesight. (SInv)
Armour fits poorly on your strangely shaped body.
You can roll at nearby foes to attack.
You have a long armoured tail.


   Skills:
 + Level 3.7 Fighting
 - Level 2.9 Axes
 - Level 1.5 Armour
 - Level 0.7 Dodging
 - Level 2.0 Invocations


You had 2 spell levels left.
You didn't know any spells.
Your spell library contained the following spells:

 Spells                   Type           Power      Damage    Failure   Level
 Ignite Poison            Fire/Tmut/Pois 0%         N/A       77%         3
 Mephitic Cloud           Conj/Pois/Air  0%         N/A       77%         3
 Bolt of Magma            Conj/Fire/Erth 0%         4d4       100%        5

Inventory:

Hand Weapons
 a - a +1 hand axe
 f - a +0 trident (weapon)
Armour
 b - a +0 leather armour (worn)
Jewellery
 c - a ring of fire
 h - an amulet of the acrobat (around neck)
Potions
 d - a potion of lignification {unknown}
 e - a potion of cancellation {unknown}
 g - a potion of flight {unknown}

Dungeon Overview and Level Annotations

Branches:
Dungeon (2/15)

Altars:

Shops:
D:1

(
▒.........▒.......).▒
▒.......▒▒▒▒▒▒.▒▒†▒▒
▒▒.....▒▒ ▒▒▒▒.▒
▒▒...▒▒ ▒.▒ ▒..▒▒ ▒.▒
▒.▒.▒▒ ▒.▒ ▒[▒▒▒.▒▒
▒.▒ ..▒ ▒▒.▒▒▒▒▒ ▒.▒
▒▒▒ ▒..Ho..▒ ▒.▒
▒...▒▒▒.▒ ▒....▒
▒..▒.▒ ▒..... ▒▒.▒.▒
▒.▒.▒ ▒.


You could see an orc.


Message History

Your tail-slap misses the bat.
The bat is severely wounded.
The bat barely misses you.
You reach to attack!
You hit the bat.
You kill the bat!
Lugonu accepts your kill.
No target in view!
Found a ring mail.
An orc comes into view. It is wielding a +0 flail.
The orc shouts!
An orc is nearby!
You barely miss the orc. The orc closely misses you.
You barely miss the orc. The orc barely misses you.
You barely miss the orc.
Your tail-slap misses the orc.
The orc hits you with a +0 flail!
You hit the orc but do no damage. The orc hits you with a +0 flail.
The orc hits you with a +0 flail.
* * * LOW HITPOINT WARNING * * *
You closely miss the orc. The orc hits you with a +0 flail.
* * * LOW HITPOINT WARNING * * *
You hit the orc but do no damage.
Your tail-slap misses the orc.
The orc hits you with a +0 flail!
You die...

Action                   || total
-------------------------++-------
Melee: Hand axe          ||    25
       Tailslap          ||     8
       Trident           ||    56
 Stab: Sleeping          ||     1
Armor: Leather armour    ||    36
Dodge: Dodged            ||    47

Levels and vault maps discovered:
D:1:      minmay_arrival_stair_chambers, layout_loops_corners, serial_shops,
          nicolae_diamond_shop, ebering_ecumenical_altar_hall
D:2:      layout_loops_ring, serial_shops, shop
D:3:      layout_loops_corners

Notes
Turn   | Place    | Note
-------+----------+-------------------------------------------
     0 | Abyss:1  | sanka the Palentonga Abyssal Knight began the quest for the
                  | Orb.
     0 | Abyss:1  | Reached XP level 1. HP: 19/19 MP: 2/2
    13 | Abyss:1  | Found a burning altar of Makhleb.
    28 | D:1      | Escaped the Abyss
   221 | D:1      | Reached XP level 2. HP: 19/25 MP: 3/3
   308 | D:1      | Found Feudgh's Antique Weapon Boutique.
   520 | D:1      | Reached ** piety under Lugonu
  1080 | D:1      | Found a faded altar of an unknown god.
  1141 | D:2      | Reached XP level 3. HP: 28/31 MP: 4/4
  1261 | D:3      | Slain by an orc

Vanquished Creatures
  A dart slug (D:1)
  2 ball pythons
  4 bats
  3 endoplasms (D:1)
  2 giant cockroaches (D:1)
  4 goblins
  2 hobgoblins (D:1)
  6 jackals
  A kobold (D:1)
  A quokka (D:1)
  A frilled lizard (D:1)
  A rat (D:1)
28 creatures vanquished.
